 Dungeon Crawl Stone Soup version 0.26.0-16-gc1dbca0489 (webtiles) character file.

Game seed: 11852665507624360972

95 112233 the Digger (level 4, -10/27 HPs)
             Began as an Octopode Earth Elementalist on Jan 18, 2021.
             Mangled by Sigmund
             ... wielding a +0 scythe
              (13 damage)
             ... on level 2 of the Dungeon.
             The game lasted 00:02:08 (1274 turns).

112233 the Digger (Octopode Earth Elementalist)     Turns: 1274, Time: 00:02:09

Health: -10/27     AC:  1    Str:  7    XL:     4   Next: 66%
Magic:  8/8        EV: 14    Int: 18    God:
Gold:   76         SH:  0    Dex: 12    Spells: 7/8 levels left

rFire    . . .     SeeInvis .   g - +1 dagger (speed)
rCold    + . .     Faith    .   (no shield)
rNeg     . . .     Spirit   .   (helmet restricted)
rPois    .         Reflect  .   (no amulet)
rElec    .         Harm     .   c - ring of protection from cold
rCorr    .         Rampage  .   k - ring of teleportation {@r3}
Will     .....     Rnd*Tele +   (no ring)
Stlth    +++.......             (no ring)
HPRegen  0.09/turn              (no ring)
MPRegen  0.11/turn              (no ring)
                                (no ring)
                                (no ring)

@: mighty, hasted, very quick
A: almost no armour, stealthy swim, amphibious, 8 rings, constrict 8, camouflage
1, gelatinous body 1
a: no special abilities


You were on level 2 of the Dungeon.
You visited 1 branch of the dungeon, and saw 2 of its levels.

You collected 76 gold pieces.

Inventory:

Hand Weapons
 a - a +0 short sword
 g - a +1 dagger of speed (weapon)
Missiles
 b - 2 stones
 l - 11 poisoned darts
Jewellery
 c - a ring of protection from cold (left tentacle)
 k - a ring of teleportation (right tentacle) {@r3}
Scrolls
 e - 2 scrolls of remove curse {@r2}


   Skills:
 + Level 3.0 Dodging
 - Level 2.6 Stealth
 + Level 2.8 Spellcasting
 - Level 1.9 Transmutations
 + Level 3.7 Earth Magic


You had 7 spell levels left.
You knew the following spells:

 Your Spells              Type           Power        Failure   Level
a - Sandblast             Erth           30%          3%          1

Your spell library contained the following spells:

 Spells                   Type           Power        Failure   Level
 Passwall                 Tmut/Erth      10%          8%          2
 Stone Arrow              Conj/Erth      18%          24%         3
 Petrify                  Tmut/Erth      12%          45%         4
 Lee's Rapid Deconstruct  Erth           7%           69%         5


Dungeon Overview and Level Annotations

Branches:
Dungeon (2/15)

Altars:

Annotations:
D:2 Sigmund


Innate Abilities, Weirdness & Mutations

You cannot wear most types of armour.
You are very stealthy in the water. (Stealth+)
You are amphibious.
You can wear up to eight rings at the same time.
You can use your tentacles to constrict eight enemies at once.
Your skin changes colour to match your surroundings (Stealth+).
Your rubbery body absorbs attacks. (AC +1, EV +1)


Message History

Sigmund points at you and mumbles some strange words.
You are confused.
Okay, then.
It was a potion of haste.
You feel yourself speed up.
It was a potion of might.
You feel very mighty all of a sudden.
Unknown command.
You bump into the rock wall.
Sigmund hits you with a +0 scythe.
You closely miss Sigmund.
Sigmund hits you from afar with a +0 scythe!
* * * LOW HITPOINT WARNING * * *
You bump into the rock wall.
You feel less confused.
Unknown command.
You aren't carrying any items that you can evoke.
Unknown command.
Okay, then.
Sigmund hits you with a +0 scythe!
You die...

#......# #.....# #......#
#....[# ##.....# #######
##..### #^.# ######### ##..#
#.......# #...# #....[..#
###.# #.....(.#
#.######@......#
#####......'@......#
#.......####.......#
#........'..#.......#
#......[.##.........#
#.........#################
###.....[...# #.....#
............###########.....#
.....###..............'.....#


You could see Sigmund.

Vanquished Creatures
  Natasha (twice) (D:2)
  2 adders (D:2)
  A gnoll (D:1)
  2 leopard geckos (D:1)
  A giant cockroach (D:2)
  6 hobgoblins
  4 bats
  A frilled lizard (D:1)
  3 kobolds
  6 rats
28 creatures vanquished.

Notes
Turn   | Place    | Note
-------+----------+-------------------------------------------
     0 | D:1      | 112233 the Octopode Earth Elementalist began the quest for
                  | the Orb.
     0 | D:1      | Reached XP level 1. HP: 11/11 MP: 3/3
   108 | D:1      | Reached XP level 2. HP: 17/17 MP: 1/5
   386 | D:1      | Reached XP level 3. HP: 16/21 MP: 1/6
   596 | D:2      | Noticed Natasha
   605 | D:2      | Killed Natasha
   866 | D:2      | Noticed Natasha
   886 | D:2      | Reached XP level 4. HP: 23/27 MP: 3/7
   889 | D:2      | Killed Natasha
  1127 | D:2      | Noticed Sigmund
  1274 | D:2      | Mangled by Sigmund

Illustrated notes

Levels and vault maps discovered:
D:1:      giann_bridges, layout_basic
D:2:      kennysheep_six_static_rooms, layout_basic,
          chequers_temple_overflow_minitemple, uniq_natasha, uniq_sigmund,
          uniq_jessica

Skill      XL: |  1  2  3  4 |
---------------+-------------+-----
Dodging        | 3 |  3.0
Stealth        | |  2.6
Spellcasting   | |  2.8
Transmutations | |  1.9
Earth Magic    | |  3.7

Action                   |  1- 3 |  4- 6 || total
-------------------------+-------+-------++-------
Melee: Short sword       |    16 |       ||    16
       Constrict         |     6 |     4 ||    10
       Tentacles         |     3 |     1 ||     4
       Dagger            |     2 |    14 ||    16
 Cast: Sandblast         |    26 |     4 ||    30
  Use: Scroll            |       |     4 ||     4
       Potion            |       |     2 ||     2
 Stab: Sleeping          |     1 |     3 ||     4
Armor: Skin              |       |     3 ||     3
Dodge: Dodged            |    14 |     9 ||    23
